[Event "*** Titled Tuesday Blitz"]
[Site "Chess.com"]
[Date "2021.03.30"]
[Round "3"]
[White "wadsy27"]
[Black "Tactictic"]
[Result "1-0"]
[WhiteElo "2567"]
[BlackElo "2383"]
[TimeControl "180+1"]
[EndTime "10:29:23 PDT"]
[Termination "wadsy27 won by checkmate"]

1. c4 e6 2. g3 d5 3. Bg2 Nf6 4. Nf3 dxc4 5. Qa4+ Bd7 6. Qxc4 c5 7. O-O Nc6 8. a4 Be7 9. d3 O-O 10. Bd2 e5 11. Na3 Be6 12. Qc2 Rc8 13. Nc4 e4 14. dxe4 Nb4 15. Bxb4 cxb4 16. b3 Bxc4 17. bxc4 Qb6 18.
a5 Qa6 19. Nd2 Bd6 20. Bh3 Rc7 21. f4 Bc5+ 22. Kh1 Rd8 23. e5 Ne8 24. Nb3 Be7 25. c5 Qb5 26. Rad1 Rxd1 27. Rxd1 Bxc5 28. Rd5 Qc6 29. Qxc5 Qxc5 30. Rxc5 Rxc5 31. Nxc5 Nc7 32. Nxb7 b3 33. Bf5 Nb5 34. Nc5 Nd4 35. Bd3 b2 36. Na4 Kf8 37. Nxb2 Ke7 38. e3 Nc6 39. a6 Nb4 40. Bxh7 g6 41. f5 g5 42. h4 gxh4 43.
gxh4 Nxa6 44. h5 Kf8 45. h6 Nc7 46. f6 Nd5 47. Be4 Nxf6 48. exf6 Kg8 49. Kg2 a5 50. Na4 Kh8 51. Kg3 Kg8 52. Kf4 Kh8 53. Ke5 Kg8 54.
Kd6 Kh8 55. Kc5 Kg8 56. Kb5 Kh8 57. Kxa5 Kg8 58. Kb6 Kh8 59. Kc7 Kg8 60. Kd7 Kh8 61.
Ke7 Kg8 62. h7+ Kh8 63. Bd5 Kxh7 64. Kxf7 Kh8 65. Ke7 Kh7 66. f7 Kh8 67. f8=Q+ Kh7 68. Qg8+ Kh6 69. Kf6 Kh5 70. Qg5# 1-0

[Event "*** Titled Tuesday Blitz"]
[Site "Chess.com"]
[Date "2021.03.30"]
[Round "3"]
[White "BlackWidow515"]
[Black "03revilo"]
[Result "1-0"]
[WhiteElo "2200"]
[BlackElo "2327"]
[TimeControl "180+1"]
[EndTime "10:29:23 PDT"]
[Termination "BlackWidow515 won on time"]

1. d4 d5 2. Nf3 e6 3. g3 Nf6 4.
Bg2 Be7 5. O-O O-O 6. Nbd2 b6 7. b3 c5 8. Bb2 Bb7 9. c4 Nbd7 10. Rc1 Rc8 11.
Re1 Ne4 12. Ne5 cxd4 13. Nxd7 Qxd7 14. Nxe4 dxe4 15. Qxd4 Qxd4 16. Bxd4 Rfd8 17. Red1 Ba3 18. Rb1 Rd7 19. Bc3 Rcd8 20. Rxd7 Rxd7 21. Kf1 f6 22.
Ke1 Bc5 23. e3 Rd3 24. Bd2 Kf7 25. Bf1 Rd7 26. Bc3 g5 27. Rd1 Rxd1+ 28. Kxd1 a5 29. Kc2 h5 30. Kb2 Kg6 31. a3 e5 32. b4 axb4 33. axb4 Bd6 34. Kb3 f5 35. Bb2 f4 36.
Ba3 Be7 37. c5 Bd5+ 38. Ka4 bxc5 39. bxc5 Kf5 40. Bh3+ g4 41. Bf1 Bg5 42. Bc1 h4 43.
Kb5 h3 44. c6 fxg3 45. fxg3 Ke6 46. Kb6 Kd6 47. c7 Be6 48. Ba3+ Kd5 49. Bc1 Bd7 50.
Kb7 Kc5 51. Ba3+ Kd5 52. Bb5 Be6 53. Bc1 Kc5 54. Ba6 1-0

[Event "*** Titled Tuesday Blitz"]
[Site "Chess.com"]
[Date "2021.03.30"]
[Round "3"]
[White "doctorcristian"]
[Black "JoliyRoger"]
[Result "1-0"]
[WhiteElo "2562"]
[BlackElo "2377"]
[TimeControl "180+1"]
[EndTime "10:29:25 PDT"]
[Termination "doctorcristian won on time"]

1. d4 Nf6 2. Nc3 d6 3. e4 g6 4. Bg5 Bg7 5. Qe2 h6 6. Bh4 O-O 7. O-O-O c6 8. e5 Nd5 9. Nxd5 cxd5 10. exd6 Qxd6 11. Bxe7 Qf4+ 12. Qe3 Qxe3+ 13. fxe3 Re8 14. Bh4 Rxe3 15. Nf3 Nc6 16. c3 Bg4 17. Re1 Rxe1+ 18. Bxe1 Rc8 19. Kd2 a6 20. Bd3 h5 21. Bg3 Bh6+ 22.
Kd1 Na5 23. h3 Bxf3+ 24. gxf3 Nc4 25. Kc2 Ne3+ 26. Kb3 Nc4 27. Kc2 Ne3+ 28. Kb1 Nc4 29. Bxc4 Rxc4 30. Re1 Bf8 31. Re8 Kg7 32. Be5+ f6 33.
Bxf6+ Kxf6 34. Rxf8+ Ke6 35. Kc2 b5 36. Kd3 Rc6 37.
h4 Rb6 38. a3 Rc6 39. b3 Rd6 40. Rc8 Kf6 41. Rf8+ Ke6 42. c4 dxc4+ 43. bxc4 bxc4+ 44. Kxc4 Rc6+ 45. Kd3 Rb6 46. Ke4 Rb3 47. Rg8 Kf7 48.
Rc8 Rxa3 49. Rc6 a5 50. Ra6 a4 51. d5 Ra1 52. Ke5 a3 53. Ra7+ Kf8 54. Kf6 Ke8 55.
Kxg6 a2 56. Kxh5 Kd8 57. f4 Ke8 58. f5 Rf1 59. Rxa2 Rxf5+ 60. Kg6 Rxd5 61. Ra8+ Ke7 62.
h5 Rd6+ 63. Kg7 Rd1 64. Ra6 Ke8 65. h6 Rd7+ 66. Kg8 Ke7 67. h7 Rd8+ 68. Kg7 1-0

[Event "*** Titled Tuesday Blitz"]
[Site "Chess.com"]
[Date "2021.03.30"]
[Round "3"]
[White "CSB7"]
[Black "Orest_Vovk"]
[Result "1-0"]
[WhiteElo "2669"]
[BlackElo "2478"]
[TimeControl "180+1"]
[EndTime "10:29:26 PDT"]
[Termination "CSB7 won on time"]

1. d4 h6 2. e4 g5 3. h4 g4 4. Nc3 Bg7 5. Be3 d6 6. h5 c6 7. Nge2 Qb6 8. Rb1 Na6 9. Ng3 Nc7 10. Be2 Nf6 11. Qd2 Nb5 12. e5 Nd5 13. Nxd5 cxd5 14. Qb4 Nc7 15. Qxb6 axb6 16. exd6 exd6 17. a3 f5 18. Bd3 O-O 19. Ne2 Ne6 20. g3 Ng5 21. Nf4 Nf3+ 22. Ke2 Bxd4 23. Nxd5 Bxe3 24. fxe3 Be6 25.
Nc7 Rae8 26. Nxe6 Rxe6 27. Bc4 Re8 28. Bxe6+ Rxe6 29. Rbd1 Kf7 30. Rd5 Kf6 31. Rhd1 Ke7 32. Rxf5 Ng5 33. Rf4 Ne4 34. Rxg4 Kd7 35. Rg7+ Kc6 36.
Rg6 Re5 37. g4 Rc5 38. c3 Re5 39. Rxh6 Ng3+ 40. Kf3 Ne4 41. Rg6 Ng5+ 42. Kf4 Nh3+ 43. Kf3 Ng5+ 44. Ke2 Ne6 45. h6 Nf4+ 46. Kf3 Nxg6 47.
Rh1 Re8 48. g5 Rf8+ 49. Kg4 Kd7 50. Kh5 Ne5 51. h7 Rh8 52. Kh6 Nf7+ 53. Kg7 Ke7 54.
g6 Rf8 55. gxf7 Rxf7+ 56. Kg6 Rf6+ 57. Kg5 1-0

[Event "*** Titled Tuesday Blitz"]
[Site "Chess.com"]
[Date "2021.03.30"]
[Round "3"]
[White "Witik"]
[Black "Bigfish1995"]
[Result "0-1"]
[WhiteElo "2710"]
[BlackElo "3024"]
[TimeControl "180+1"]
[EndTime "10:29:27 PDT"]
[Termination "Bigfish1995 won on time"]

1. d4 e6 2. c4 f5 3. g3 Nf6 4. Bg2 c6 5. Nh3 Be7 6. d5 d6 7. dxe6 Bxe6 8. Qc2 Nbd7 9. O-O Ne5 10. b3 O-O 11. Bb2 Qe8 12. Nf4 Bd7 13. Nc3 Nh5 14. e3 g5 15. Nd3 Bf6 16. Rfe1 Qf7 17. Rad1 f4 18. exf4 gxf4 19. Ne4 Qg6 20. Nxf6+ Nxf6 21. Qc3 fxg3 22. hxg3 Neg4 23. Nf4 Qh6 24. Rxd6 Rae8 25. Rxe8 Rxe8 26. Rxf6 Qxf6 27. Qxf6 Nxf6 28. Bxf6 Re1+ 29. Bf1 Bf5 30. f3 Rc1 31. g4 Bb1 32. a3 Ba2 33. Kf2 Bxb3 34. Bd4 Bxc4 35. Bxc4+ Rxc4 36. Ke3 Ra4 37. Nh5 Rxa3+ 38. Ke4 Ra4 39. Ke3 Kf7 40. g5 b6 41. Nf6 Kg6 42. f4 c5 43. Be5 b5 44. Nd7 c4 45. Nf8+ Kf5 46. Nxh7 Ra3+ 47. Kd4 Rd3+ 48. Kc5 c3 49. Kb4 c2 50. Bb2 a5+ 51.
Kxa5 Rb3 52. Bc1 Rb1 53. Be3 b4 54. Nf8 b3 55. g6 b2 56. g7 Ra1+ 0-1

[Event "*** Titled Tuesday Blitz"]
[Site "Chess.com"]
[Date "2021.03.30"]
[Round "3"]
[White "biostatistician"]
[Black "DenLaz"]
[Result "1/2-1/2"]
[WhiteElo "2548"]
[BlackElo "2833"]
[TimeControl "180+1"]
[EndTime "10:29:27 PDT"]
[Termination "Game drawn by repetition"]

1. d4 d5 2. Nf3 Nf6 3. c4 c6 4. cxd5 cxd5 5. Nc3 Nc6 6. Bf4 Bf5 7. e3 e6 8. Qb3 Bb4 9. Bb5 O-O 10. O-O Bxc3 11. Qxc3 Rc8 12. Rfc1 Ne4 13. Qe1 f6 14. Bxc6 bxc6 15.
Nh4 g5 16. Nxf5 exf5 17. Bg3 Re8 18. Qd1 Kg7 19. Qf3 Kg6 20. Rc2 h5 21. h4 Qd7 22.
Rac1 Re6 23. b4 a6 24. hxg5 fxg5 25. Be5 Qb7 26. a3 Qb5 27. Qd1 Qa4 28. f3 Nf6 29. Qd3 Nd7 30. f4 Qb5 31. Qb3 Nb6 32. fxg5 Nc4 33. Bf4 Rce8 34. Rc3 Re4 35. a4 Qb7 36. Rxc4 dxc4 37. Qxc4 R8e6 38. Qc5 Qf7 39. Rc3 h4 40. Kh2 Qe8 41. Qa7 h3 42. Kxh3 Rxf4 43. exf4 Re3+ 44.
Rxe3 Qxe3+ 45. g3 Qg1 46. g4 Qxg4+ 47. Kh2 Qxf4+ 48. Kg2 Qe4+ 49. Kf1 Qd3+ 50. Kf2 Qd2+ 51. Kf3 Qd3+ 52. Kf2 Kxg5 53. Qg7+ Kf4 54. Qh6+ Kg4 55. Qg6+ Kf4 56. Qh6+ Kg4 57. Qg6+ Kf4 58. Qh6+ 1/2-1/2

[Event "*** Titled Tuesday Blitz"]
[Site "Chess.com"]
[Date "2021.03.30"]
[Round "3"]
[White "Nayemhaque22"]
[Black "CzechmVIII"]
[Result "1-0"]
[WhiteElo "2354"]
[BlackElo "2203"]
[TimeControl "180+1"]
[EndTime "10:29:27 PDT"]
[Termination "Nayemhaque22 won by resignation"]

1. e4 c5 2. Nf3 d6 3. Nc3 Nc6 4.
d4 cxd4 5. Nxd4 g6 6. Be3 Bg7 7.
g3 Nf6 8. Bg2 O-O 9. h3 Ne5 10.
O-O Nc4 11. Bc1 a6 12. b3 Qa5 13. Qd3 Ne5 14. Qe3 Qb6 15. Bb2 Bxh3 16. Na4 Qa7 17. Bxh3 b5 18. Ne6 Qxe3 19. fxe3 fxe6 20. Bxe6+ Kh8 21. Bxe5 bxa4 22. Bxf6 Bxf6 23. Rac1 Be5 24. Kg2 Kg7 25. bxa4 Rxf1 26. Rxf1 Bf6 27. a5 Rb8 28. Bc4 Rb4 29. Bxa6 Ra4 30. Bb5 Rxa5 31. Bc4 Rc5 32. Bd5 Rxc2+ 33. Rf2 Rxf2+ 34. Kxf2 Bc3 35. Ke2 Kf6 36.
Kd3 Be1 37. a4 e6 38. Bb3 Ke7 39. Kc4 e5 40. Kb5 Kd8 41. a5 Bf2 42. Kc6 Bxe3 43. Be6 h5 44. Bf7 g5 45. Bxh5 Kc8 46. Kxd6 Bd4 47.
Be8 Kb8 48. Bb5 Ka7 49. g4 Bb2 50. Ke6 Bc3 51. a6 Bd4 52. Kf5 Kb6 53. Bd3 Ka7 54.
Kxg5 Bc3 55. Kf5 Bd2 56. g5 Be3 57. g6 Bh6 58. Kxe5 Bg7+ 59. Kf5 Bd4 60. e5 1-0

[Event "*** Titled Tuesday Blitz"]
[Site "Chess.com"]
[Date "2021.03.30"]
[Round "3"]
[White "Nice_2_M8te_U"]
[Black "PavelChernomordik"]
[Result "1-0"]
[WhiteElo "2561"]
[BlackElo "2370"]
[TimeControl "180+1"]
[EndTime "10:29:28 PDT"]
[Termination "Nice_2_M8te_U won by resignation"]

1. d4 g6 2. Nc3 Bg7 3. Bf4 d6 4. e4 a6 5. Qd2 b5 6. a3 Bb7 7. Nf3 Nd7 8. Be2 c5 9. O-O cxd4 10. Nxd4 Ngf6 11. Bg5 O-O 12. f3 Rc8 13. Bh6 Ne5 14.
Bxg7 Kxg7 15. Rad1 Qc7 16. h3 Nc4 17. Bxc4 Qxc4 18.
Kh2 Rfd8 19. Rfe1 e5 20. Nb3 d5 21. Na5 Qc7 22. Nxb7 Qxb7 23. Nxd5 Nxd5 24. exd5 f6 25. Re3 Rd6 26. Rd3 Rcd8 27. b3 Qc7 28. Kh1 Qc5 29. Qb4 Qxc2 30. R3d2 Qc7 31. f4 exf4 32. Qxf4 Qc5 33.
b4 Qc4 34. Qf3 Qc8 35. Qe4 Qd7 36. Rd4 Re8 37. Qf3 Re5 38. Kg1 h5 39. Kh1 Rf5 40. Qe4 Re5 41. Qf3 Rf5 42. Qd3 Re5 43. Qb3 Qe7 44. Qc3 Re3 45. Qc1 Qe5 46. Qc7+ Kh6 47.
Qc1 Kg7 48. Kg1 Rd7 49. d6 Re4 50. Rxe4 Qxe4 51. Qc8 Qe3+ 52. Kh1 Qe6 53. Qc6 Kf7 54. Qxa6 Qe2 55. Rg1 Qd3 56. a4 Rxd6 57. Qb7+ Rd7 58. Qc6 bxa4 59. Qxa4 Qe2 60. b5 Qe4 61. Qxe4 1-0

[Event "*** Titled Tuesday Blitz"]
[Site "Chess.com"]
[Date "2021.03.30"]
[Round "3"]
[White "Soltan49"]
[Black "FMJoseHerrera"]
[Result "1-0"]
[WhiteElo "2241"]
[BlackElo "2552"]
[TimeControl "180+1"]
[EndTime "10:29:29 PDT"]
[Termination "Soltan49 won on time"]

1. c4 Nf6 2. Nf3 c5 3. d4 cxd4 4. Nxd4 g6 5. Nc3 Bg7 6. b3 O-O 7. Bb2 d6 8. e3 Nc6 9. Be2 Bd7 10. O-O a6 11. Qd2 Rc8 12. Rfd1 Qc7 13. Rac1 Qb8 14. Nd5 Nxd5 15. cxd5 Ne5 16. h3 Rxc1 17. Rxc1 Bc8 18.
b4 Nd7 19. a4 Nf6 20. Nb3 Bd7 21. b5 Rc8 22. f3 axb5 23. axb5 Qa7 24. Ra1 Qb6 25. Bd4 Qd8 26. e4 Qe8 27. Qb4 Ra8 28. Rc1 Rc8 29. Ra1 Nh5 30. Ra7 Nf4 31. Bf1 Rb8 32. Qc3 f6 33. Qc7 Qc8 34. Qxc8+ Bxc8 35. g3 Nh5 36. Kf2 f5 37. Bxg7 Nxg7 38. Nd4 fxe4 39. fxe4 Kf7 40. b6 e5 41. dxe6+ Nxe6 42. Nxe6 Bxe6 43.
Bg2 Ke7 44. Ke3 Kd7 45. Kd4 Kc6 46. e5+ d5 47. Ra1 Kxb6 48. Rf1 Rc8 49. Rf6 Rc4+ 50. Kd3 Rc6 51. Kd4 Rc4+ 52. Kd3 Rc6 53. Kd4 Kb5 54. g4 Rc4+ 55. Kd3 1-0

[Event "*** Titled Tuesday Blitz"]
[Site "Chess.com"]
[Date "2021.03.30"]
[Round "3"]
[White "chessdiamant"]
[Black "PawnEatingZombie"]
[Result "1/2-1/2"]
[WhiteElo "2332"]
[BlackElo "2187"]
[TimeControl "180+1"]
[EndTime "10:29:30 PDT"]
[Termination "Game drawn by repetition"]

1. d4 d5 2. Nf3 e6 3. e3 Nf6 4. b3 Bd6 5. Bb2 b6 6. Bd3 Bb7 7. O-O O-O 8. Ne5 Nbd7 9. Nd2 Qe7 10. c4 Ne4 11. Nxe4 dxe4 12. Bc2 f5 13. Nxd7 Qxd7 14.
c5 Be7 15. b4 Bd5 16. a4 a5 17. bxa5 Rxa5 18. cxb6 cxb6 19. Bb3 Rc8 20. h3 Ra7 21. Bxd5 Qxd5 22. Ba3 Bxa3 23. Rxa3 Rc4 24. Qb3 Qc6 25. Rfa1 Ra5 26. R3a2 Kf7 27. Rb2 Rcxa4 28. Rxa4 Rxa4 29. Qxb6 Qxb6 30. Rxb6 Ra2 31. f3 exf3 32. gxf3 h5 33. h4 g6 34. Rb7+ Kf6 35. Rb6 Re2 36. Rb3 Ke7 37.
Kf1 Rh2 38. Rb7+ Kf6 39. Rb6 Kf7 40. Rb7+ Kf6 41. Rb6 Ke7 42. Rb7+ Kd6 43. Rg7 Rxh4 44. Rxg6 Rh2 45. Kg1 Re2 46. Rh6 Rxe3 47. Kg2 Rd3 48.
Rxh5 Rxd4 49. Kf2 Rd3 50. Ke2 Ra3 51. Rh1 Ke5 52. Rb1 Kf6 53. f4 Ra4 54. Kf3 Kg6 55. Rg1+ Kf6 56. Rh1 Ra3+ 57. Kf2 Kg6 58. Re1 Kf6 59.
Rh1 Kg6 60. Re1 Kf6 61. Rh1 1/2-1/2

[Event "*** Titled Tuesday Blitz"]
[Site "Chess.com"]
[Date "2021.03.30"]
[Round "3"]
[White "Goryachkina"]
[Black "Rytenko_V"]
[Result "1/2-1/2"]
[WhiteElo "2628"]
[BlackElo "2407"]
[TimeControl "180+1"]
[EndTime "10:29:31 PDT"]
[Termination "Game drawn - insufficient material"]

1. e4 e6 2. d4 d5 3. e5 c5 4. c3 Qb6 5. Nf3 Nc6 6. Be2 Bd7 7. O-O Rc8 8. a3 f6 9. exf6 Nxf6 10.
Re1 cxd4 11. cxd4 Bd6 12. Nc3 O-O 13. Bd3 Rce8 14. Bg5 a6 15. Na4 Qc7 16. Rc1 Qb8 17. Nc5 Bc8 18. b4 Bf4 19. Bxf4 Qxf4 20. Nxa6 Ng4 21.
Nc5 e5 22. h3 Nxf2 23. Kxf2 e4 24. Kg1 exf3 25. Rxe8 f2+ 26. Kf1 Rxe8 27. Qc2 Rf8 28.
Bxh7+ Kh8 29. Nd3 Qe3 30. Rd1 Nxd4 31. Qd2 Qxd2 32. Rxd2 Kxh7 33. Nxf2 Nc6 34. Rxd5 Be6 35. Rd6 Bc4+ 36. Ke1 Re8+ 37. Kd1 Bb3+ 38. Kd2 Ba4 39. g4 Rd8 40. Rxd8 Nxd8 41. Ne4 Bc6 42. Nc5 b5 43. Ke3 Nb7 44. Ne6 Nd6 45. Kd4 Nc4 46. Kc5 Be8 47. Nc7 Bf7 48. Nxb5 Ne5 49. a4 Be8 50. a5 Nd3+ 51. Kb6 Nxb4 52. Nc7 Bd7 53. Kc5 Nd3+ 54. Kd6 Bc8 55. a6 Bxa6 56. Nxa6 Kg6 57. h4 Nf2 58. Nc5 Nxg4 59. Ne6 Kh5 60. Nxg7+ Kxh4 1/2-1/2

[Event "*** Titled Tuesday Blitz"]
[Site "Chess.com"]
[Date "2021.03.30"]
[Round "3"]
[White "azikom"]
[Black "Srinavasan"]
[Result "0-1"]
[WhiteElo "2690"]
[BlackElo "2974"]
[TimeControl "180+1"]
[EndTime "10:29:33 PDT"]
[Termination "Srinavasan won on time"]

1. d4 Nf6 2. Nf3 g6 3. g3 Bg7 4. Bg2 O-O 5. O-O d6 6. Nbd2 Re8 7. b3 e5 8. dxe5 dxe5 9. e4 b6 10. Bb2 Nbd7 11. Re1 Bb7 12. a4 a5 13. h4 h5 14.
Ng5 Nc5 15. Nc4 Nfd7 16. Qe2 f6 17. Nh3 Nf8 18. Rad1 Qe7 19. Ne3 Nfe6 20. Nd5 Qf7 21. Ba3 Rad8 22. Qc4 Bf8 23. Kh2 Nd4 24. Nxf6+ Kg7 25.
Qxf7+ Kxf7 26. Nxe8 Kxe8 27. Bb2 Nxc2 28. Rxd8+ Kxd8 29.
Rd1+ Kc8 30. Bxe5 Nxb3 31. Ng5 Bc5 32. Ne6 Bc6 33. Rd8+ Kb7 34. Bxc7 Bxf2 35. e5 Bxg2 36. Kxg2 Bc5 37. Bd6 Kc6 38. Bxc5 bxc5 39. Rd6+ Kb7 40. Nf4 Ne3+ 41. Kg1 Nd4 42. e6 Nef5 43. Rd7+ Kc6 44. Rd8 Kc7 45. Rg8 Ne7 46. Rf8 c4 47. Kf2 c3 48. Ke3 c2 49. Kd2 Kd6 50. Rd8+ Ke5 51. Rd7 Ndf5 52. Kxc2 Kf6 53. Nd5+ Kxe6 0-1

[Event "*** Titled Tuesday Blitz"]
[Site "Chess.com"]
[Date "2021.03.30"]
[Round "3"]
[White "Myshakov_Fedor"]
[Black "Artem_Sadovsky"]
[Result "1-0"]
[WhiteElo "2363"]
[BlackElo "2637"]
[TimeControl "180+1"]
[EndTime "10:29:33 PDT"]
[Termination "Myshakov_Fedor won by resignation"]

1. c4 b6 2. Nc3 Bb7 3. d4 f5 4. d5 Nf6 5. g3 e5 6. Bg2 Bc5 7. Nf3 Qe7 8. Nh4 g6 9. d6 Bxg2 10.
dxe7 Bxh1 11. f3 Nc6 12. Bg5 Bxe7 13. Bxf6 Bxf6 14. Kf2 Na5 15. Nd5 Bd8 16. Rc1 c6 17.
Nb4 Be7 18. a3 Bc5+ 19. e3 f4 20. gxf4 exf4 21. Nc2 Nxc4 22. Qxh1 Nxe3 23. Ke2 Nxc2 24. Rxc2 O-O-O 25. Kd3 Rhe8 26. Ng2 g5 27. b4 Be3 28. b5 c5 29. h4 g4 30. fxg4 d5 31. g5 c4+ 32. Ke2 Bc5+ 33. Kf3 d4 34. Qh3+ Kb7 35. Qf5 Re7 36. Nxf4 d3 37. Rd2 Re3+ 38. Kg4 c3 39.
Rxd3 Rexd3 40. Nxd3 Bd6 41. Qe4+ Kb8 42. Qxh7 Rc8 43.
Qg6 Bxa3 44. h5 c2 45. Qf5 Rc4+ 46. Kf3 Rc3 47. Qe5+ Rc7 48. h6 Kb7 49. h7 Rd7 50. h8=Q Rxd3+ 51. Ke4 Re3+ 52. Kxe3 c1=Q+ 53. Kf3 Qf1+ 54. Kg4 Qg2+ 55. Kf5 Qc2+ 56. Qe4+ Qxe4+ 57. Kxe4 1-0

[Event "*** Titled Tuesday Blitz"]
[Site "Chess.com"]
[Date "2021.03.30"]
[Round "3"]
[White "prachiti01"]
[Black "hleol"]
[Result "0-1"]
[WhiteElo "1927"]
[BlackElo "2363"]
[TimeControl "180+1"]
[EndTime "10:29:34 PDT"]
[Termination "hleol won by checkmate"]

1. e4 e5 2. Nf3 Nc6 3. Bb5 a6 4. Ba4 Nf6 5. d3 b5 6. Bb3 Bc5 7. O-O O-O 8. Nc3 h6 9. Nd5 d6 10. c3 Rb8 11. d4 Ba7 12. Re1 exd4 13. cxd4 Bg4 14. Nxf6+ Qxf6 15. e5 dxe5 16. dxe5 Nxe5 17. Rxe5 Bxf3 18. Qe1 Qg6 19. Bg5 Bb7 20. Qd2 hxg5 21. Rxg5 Qf6 22. Rg3 Rbd8 23. Qc2 Rfe8 24. Rf1 c5 25. a3 c4 26. Ba2 Be4 27. Qc1 Bd3 28.
Rf3 Qg6 29. Re1 Be4 30. Rg3 Qf5 31. Rf1 Bc2 32. h4 Rd1 33. Rxd1 Qxf2+ 34. Kh2 Bxd1 35.
Qxd1 Bb8 36. Qf3 Bxg3+ 37. Qxg3 Qxg3+ 38. Kxg3 Re2 39. Bb1 Rxb2 40. Be4 Rb3+ 41. Kf4 Rxa3 42. g4 b4 43. h5 b3 44. g5 b2 45. h6 gxh6 46.
gxh6 c3 47. h7+ Kh8 48. Kg5 Ra4 49. Bc2 Rd4 50. Kf6 Rd2 51. Be4 c2 52. Kxf7 c1=Q 53. Bf5 Qc7+ 54. Kf6 Rd6+ 55. Kg5 Qg7+ 56. Kf4 Rd4+ 57.
Ke3 Qe5+ 58. Kf3 Qxf5+ 59. Ke2 Qe4+ 60. Kf2 Rd2+ 61. Kg3 Rg2+ 62. Kh3 Qg4# 0-1

[Event "*** Titled Tuesday Blitz"]
[Site "Chess.com"]
[Date "2021.03.30"]
[Round "3"]
[White "Sweafty"]
[Black "VladDobrov"]
[Result "1-0"]
[WhiteElo "2547"]
[BlackElo "2762"]
[TimeControl "180+1"]
[EndTime "10:29:35 PDT"]
[Termination "Sweafty won by resignation"]

1. Nf3 d5 2. c4 d4 3. b4 f6 4. e3 c5 5. exd4 cxd4 6. c5 a5 7.
Qa4+ Bd7 8. b5 e5 9. Bc4 Nh6 10. d3 Bxc5 11. Bxh6 gxh6 12. O-O Na6 13. Qd1 Qc7 14.
bxa6 b5 15. Bd5 Rxa6 16. Nbd2 Be7 17. a4 bxa4 18. Qe2 Qd6 19. Bc4 Ra7 20. Rfb1 a3 21. Ne4 Qc7 22. Rc1 Qb6 23. Ng3 Rf8 24. Qe4 Kd8 25.
Nf5 Bb4 26. Nxh6 Bc6 27. Qh4 Rg7 28. Kh1 Bxf3 29. gxf3 Qb7 30. Qh3 f5 31. Rg1 Rg6 32. Nxf5 Rgf6 33. Nh4 Rxf3 34. Nxf3 Rxf3 35. Qg2 e4 36.
dxe4 Qxe4 37. Qg8+ Rf8+ 38. Qg2 Qxg2+ 39. Rxg2 Ke7 40.
Rg4 Bc5 41. Re4+ Kd6 42. Kg2 Rg8+ 43. Kf1 Rb8 44. Re6+ Kd7 45. Ra6 Bb4 46. Ra7+ Kd6 47. Ke2 Rf8 48. f3 Re8+ 49. Kf2 Re3 50. Rd1 Rc3 51.
Rxd4+ Kc5 52. Rh4 a2 53. Bxa2 Rc2+ 54. Kg3 Rxa2 55. Rhxh7 Be1+ 56. Kf4 Bb4 57. Rh5+ Kd4 58. Rd7+ Kc4 59. h4 Kb3 60. Rb7 Rh2 61. Kg3 Ra2 62.
Rh8 Kc3 63. Rc8+ Kd3 64. Rd7+ Ke2 65. Re8+ Kf1 66. Rd1+ 1-0

[Event "*** Titled Tuesday Blitz"]
[Site "Chess.com"]
[Date "2021.03.30"]
[Round "3"]
[White "KuzubovYuriy"]
[Black "AlexPapasimakopoulos"]
[Result "0-1"]
[WhiteElo "2854"]
[BlackElo "2636"]
[TimeControl "180+1"]
[EndTime "10:29:37 PDT"]
[Termination "AlexPapasimakopoulos won on time"]

1. d4 e6 2. c4 Nf6 3. Nf3 Bb4+ 4. Bd2 Qe7 5. g3 Nc6 6. Nc3 b6 7. Bg2 Na5 8. Nb5 Bxd2+ 9. Nxd2 d5 10. cxd5 exd5 11. b4 Ba6 12. Nxc7+ Qxc7 13. bxa5 O-O 14. O-O bxa5 15. Nb3 Bc4 16. Rc1 Rfe8 17. Nd2 Rac8 18. Nxc4 dxc4 19. Rc3 Qd6 20. e3 Nd5 21. Bxd5 Qxd5 22.
Qc2 Rc6 23. Rb1 h5 24. h4 Rec8 25. a4 a6 26. Rd1 f5 27. Rb1 Kh8 28. Qe2 g6 29. Qf1 Kh7 30. Qg2 Qd6 31. Qf3 Kg7 32. Qf4 Qxf4 33. gxf4 Kf6 34. Kf1 Ke6 35. Ke2 Kd5 36.
f3 Re6 37. Kd2 Rec6 38. Rc2 Re6 39. Rb7 Rce8 40. Rc3 Rc8 41. Rd7+ Kc6 42. Rg7 Kd5 43. Kc2 Rb6 44. Rd7+ Ke6 45. Ra7 Kd5 46. Rg7 Rcb8 47.
Kd2 Rb2+ 48. Rc2 Rxc2+ 49. Kxc2 Rb3 50. Re7 Ra3 51. Re5+ Kd6 52. Rxa5 Rxe3 53. Rxa6+ Kd5 54. Rxg6 Rxf3 55. a5 Rxf4 56. a6 Rf2+ 57. Kc3 Rf3+ 58. Kc2 Ra3 59. Rf6 Kxd4 60. Rxf5 Ra2+ 61. Kb1 Rxa6 62.
Rxh5 Kc3 63. Rg5 Kb3 64. Rb5+ Kc3 65. h5 Rf6 66. Rg5 Rf2 0-1

[Event "*** Titled Tuesday Blitz"]
[Site "Chess.com"]
[Date "2021.03.30"]
[Round "3"]
[White "Sam_ChessMood"]
[Black "Kislov_Oleg"]
[Result "1-0"]
[WhiteElo "2861"]
[BlackElo "2475"]
[TimeControl "180+1"]
[EndTime "10:29:37 PDT"]
[Termination "Sam_ChessMood won by resignation"]

1. Nf3 d5 2. d4 Nf6 3. c4 e6 4. Nc3 Bb4 5. Bg5 h6 6. Bxf6 Qxf6 7.
e3 O-O 8. Rc1 dxc4 9. Bxc4 c5 10. O-O cxd4 11. Ne4 Qe7 12. a3 Bd6 13. Qxd4 Rd8 14.
Nxd6 Qxd6 15. Rfd1 Qxd4 16. Nxd4 a6 17. Nf5 Rxd1+ 18.
Rxd1 Nc6 19. Nd6 Kf8 20. Be2 Ke7 21. b4 Ne5 22. f4 Nd7 23. Bf3 Rb8 24. h4 Nb6 25. e4 e5 26. fxe5 Be6 27. Be2 Nd7 28. Nc4 Bxc4 29. Bxc4 Nxe5 30. Bd5 b6 31. Rc1 a5 32.
Rc7+ Kd6 33. Ra7 axb4 34. axb4 g5 35. h5 f5 36. Kf1 f4 37. Ke2 Rc8 38. Kd2 Ng4 39.
Rb7 Ne3 40. Rxb6+ Ke5 41. Kd3 Re8 42. Rxh6 Nxg2 43. Rg6 f3 44. Rxg5+ Kf4 45. Rf5+ Kg3 46. e5 Nf4+ 47. Ke4 Nxd5 48. Kxd5 f2 49. e6 Rd8+ 50. Kc6 Rd4 51. e7 Re4 52. Kd7 Rd4+ 53. Ke6 Re4+ 54.
Kd6 Re1 55. h6 Rd1+ 56. Ke6 Re1+ 57. Kd7 Rd1+ 58. Ke8 f1=Q 59. Rxf1 Rxf1 60. h7 Rh1 61.
Kd8 Rxh7 62. e8=Q 1-0

[Event "*** Titled Tuesday Blitz"]
[Site "Chess.com"]
[Date "2021.03.30"]
[Round "3"]
[White "vovachesss"]
[Black "Arvids_Andrejevs"]
[Result "0-1"]
[WhiteElo "2649"]
[BlackElo "2447"]
[TimeControl "180+1"]
[EndTime "10:29:37 PDT"]
[Termination "Arvids_Andrejevs won by resignation"]

1. e4 e5 2. Nf3 Nc6 3. Nc3 Nf6 4.
Nxe5 Nxe5 5. d4 Ng6 6. e5 Ng8 7. Bc4 d6 8. Qf3 Qd7 9. O-O dxe5 10. Re1 Qf5 11. Bb5+ Kd8 12. Qd5+ Bd6 13. Ne4 exd4 14.
Nxd6 cxd6 15. Qxd6+ Bd7 16. Bg5+ Nf6 17. Bxf6+ gxf6 18. Bxd7 Qxd7 19. Qxf6+ Kc7 20. Rad1 Rhe8 21. Rf1 Re6 22.
Qg5 Rd8 23. Rd3 Kb8 24. h3 Ne5 25. Ra3 Qd5 26. Qf4 Rde8 27. Rd1 Rg6 28. f3 Rd8 29. Ra4 Kc8 30. Raxd4 Nxf3+ 31. Qxf3 Qxf3 32. Rxd8+ Kc7 33. R1d7+ Kc6 34. Rd6+ Kc5 35. Rd2 Qe3+ 36. Kh2 Qe5+ 37. Kg1 Qxb2 38. Rc8+ Kb6 39. Rd3 Qc1+ 40. Kh2 Qf4+ 41.
Kg1 a6 42. Rcd8 Ka7 43. Rd2 Qe3+ 44. Kh2 Qe5+ 45. Kg1 Re6 46. R8d5 Qc7 47. Rd7 Qb6+ 48. Kh2 Rc6 49. Rxf7 Qb4 50. Rdd7 Rb6 51. Rc7 Qe4 52. Rce7 Qd5 53. Rd7 Qe5+ 54. Kg1 Rb1+ 55. Kf2 Qc5+ 56. Ke2 Qxc2+ 57. Kf3 Rf1+ 58. Ke3 Qc1+ 59. Ke4 Qe1+ 60. Kd5 Qd2+ 61. Ke6 Qe3+ 62. Kd6 Qd4+ 63. Kc7 Qc4+ 64. Kd8 Rxf7 65. Rxf7 Qxf7 0-1

[Event "*** Titled Tuesday Blitz"]
[Site "Chess.com"]
[Date "2021.03.30"]
[Round "3"]
[White "eljanov"]
[Black "Aradhya2000"]
[Result "1/2-1/2"]
[WhiteElo "2863"]
[BlackElo "2569"]
[TimeControl "180+1"]
[EndTime "10:29:38 PDT"]
[Termination "Game drawn - insufficient material"]

1. Nf3 d5 2. g3 Nf6 3. Bg2 c5 4. O-O g6 5. c4 Bg7 6. Qa4+ Nc6 7.
Ne5 Bd7 8. Nxd7 Qxd7 9. cxd5 Nxd5 10. Nc3 Nb6 11. Qb5 Rc8 12. d3 h5 13. a4 h4 14. a5 Na8 15. Be3 hxg3 16. hxg3 Bd4 17. Bxd4 cxd4 18. Ne4 Rh5 19. Nc5 a6 20. Qc4 Qc7 21.
Rfc1 Kf8 22. Nb3 e5 23. Bf3 Rh6 24. Kg2 Kg7 25. Rh1 Rxh1 26. Rxh1 Qd6 27. Qd5 Qxd5 28.
Bxd5 Nc7 29. Bf3 Ne6 30. Rc1 Kf6 31. Nc5 Nxc5 32. Rxc5 Ke6 33. b4 Kd6 34. g4 Rc7 35. g5 Nxb4 36. Rxc7 Kxc7 37. Kg3 Nc6 38. Bd5 Nd8 39.
f4 Kd6 40. Bc4 Ne6 41. fxe5+ Kxe5 42. Kg4 f5+ 43. gxf6 Kxf6 44. Bd5 Nc5 45. Kf4 g5+ 46. Kg4 Ke5 47. Bf3 Kf6 48. Bg2 Nb3 49. Bxb7 Nxa5 50. Bxa6 Nb3 51. Bb7 Nc5 52. Bd5 Na4 53. Kf3 Nc3 54.
Bc6 g4+ 55. Kxg4 Nxe2 56. Kf3 Nc3 57. Bd7 Ke5 58. Bh3 Nd5 59. Bd7 Nf4 60. Bb5 Ne6 61.
Bc4 Nc5 62. Kg4 Ne4 63. dxe4 Kxe4 64. Kg3 Ke3 65. Bb5 d3 66. Bxd3 1/2-1/2